 Dungeon Crawl Stone Soup version 0.30-a0-711-gf4ac18a38d (webtiles) character file.

Game seed: 6381011668153543893

111962 Absynth the Severer (level 16, -2/146 HPs)
             Began as a Minotaur Berserker on Jan 22, 2023.
             Was the Champion of Trog.
             Killed from afar by a swamp worm (12 damage)
             ... with a harpoon shot
             ... on level 1 of the Swamp.
             The game lasted 01:17:51 (26395 turns).

Absynth the Severer (Minotaur Berserker)           Turns: 26395, Time: 01:17:52

Health: -2/146     AC: 28    Str: 40      XL:     16   Next: 10%
Magic:  13/13      EV: 13    Int:  2 (4)  God:    Trog [******]
Gold:   2241       SH: 17    Dex: 11      Spells: 15/15 levels left

rFire   . . .      SeeInvis .    a - +7 broad axe "Jaenul" {elec, Fly rElec rC++}
rCold   + + +      Faith    .    q - +0 kite shield
rNeg    + . .      Spirit   .    C - +7 plate armour {rN+}
rPois   +          Reflect  +    i - +2 hat "Jaroec" {-Tele rPois Str+5 Slay+2}
rElec   +          Harm     .    v - +0 cloak
rCorr   .          Rampage  .    N - +0 pair of gloves
Will    +++++      Rage     3%   (no boots) Stlth NoTele +
                                 s - amulet of reflection
HPRegen 1.44/turn                x - ring of Urharuol {rC+ Will+}
MPRegen 0.13/turn                l - ring of Vovvores {Will++ Str+6}

@: strong-willed, on berserk cooldown, flying, regenerating, slowed, studying
Armour, very slow
A: horns 2, retaliatory headbutt, berserk 1, low MP 1, screaming 1
a: Renounce Religion, Berserk, Trog's Hand, Brothers in Arms


You were on level 1 of the Swamp.
You worshipped Trog.
Trog was exalted by your worship.
You visited 4 branches of the dungeon, and saw 23 of its levels.
You also visited: Sewer, Bailey and Gauntlet.

You collected 2581 gold pieces.
You spent 340 gold pieces at shops.

Inventory:

Hand Weapons
 a - the +7 broad axe "Jaenul" (weapon) {elec, Fly rElec rC++}
   (You bought it in a shop on level 2 of the Orcish Mines)

   rC:        It greatly protects you from cold.
   rElec:     It insulates you from electricity.
   Fly:       It grants you flight.
 b - the +6 flail "Qyudues" {heavy, *Rage rF+++ Dex+5}
   (You found it on level 15 of the Dungeon)

   Dex:       It affects your dexterity (+5).
   rF:        It renders you almost immune to fire.
   *Rage:     It berserks you when you make melee attacks (+20% chance).
Missiles
 p - 13 javelins
 I - 7 silver javelins
Armour
 i - the +2 hat "Jaroec" (worn) {-Tele rPois Str+5 Slay+2}
   (You found it in a bailey)

   Str:       It affects your strength (+5).
   Slay:      It affects your accuracy & damage with ranged weapons and melee
   (+2).
   rPois:     It protects you from poison.
   -Tele:     It prevents most forms of teleportation.
 q - a +0 kite shield (worn)
 v - a +0 cloak (worn)
 C - a +7 plate armour of positive energy (worn)
 N - a +0 pair of gloves (worn)
Jewellery
 l - the ring of Vovvores (right hand) {Will++ Str+6}
   (You acquired it on level 2 of the Orcish Mines)

   [ring of strength]

   Str:       It affects your strength (+6).
   Will:      It greatly increases your willpower.
 r - a ring of positive energy
 s - an amulet of reflection (around neck)
 x - the ring of Urharuol (left hand) {rC+ Will+}
   (You found it on level 10 of the Dungeon)

   [ring of willpower]

   rC:        It protects you from cold.
   Will:      It increases your willpower.
 G - the ring "Ikhlais" {Int+5 SInv}
   (You found it on level 11 of the Dungeon)

   [ring of see invisible]

   Int:       It affects your intelligence (+5).
   SInv:      It lets you see invisible.
 T - a +6 ring of intelligence
Wands
 u - a wand of polymorph (13)
 w - a wand of iceblast (23)
 A - a wand of quicksilver (9)
 F - a wand of mindburst (14)
 J - a wand of paralysis (5)
 M - a wand of flame (36)
Scrolls
 c - 6 scrolls of fear
 d - 5 scrolls of fog
 f - a scroll of enchant weapon
 h - 17 scrolls of identify
 j - 4 scrolls of blinking
 k - a scroll of silence {unknown}
 t - 10 scrolls of teleportation
 K - 2 scrolls of immolation
 O - 2 scrolls of poison
 P - a scroll of enchant armour
 S - a scroll of magic mapping
Potions
 e - 13 potions of curing
 g - 2 potions of might
 n - 5 potions of flight
 o - 4 potions of mutation
 z - 6 potions of heal wounds
 B - 2 potions of invisibility
 D - 3 potions of haste
 E - 3 potions of berserk rage
 H - a potion of magic
 Q - a potion of ambrosia
 R - a potion of resistance
Miscellaneous
 m - a lightning rod (4/4)
 y - a phantom mirror
 L - a condenser vane (quivered)


   Skills:
 - Level 14.2 Fighting
 - Level 19.3 Axes
 - Level 14.0 Armour
 - Level 14.0 Dodging
 + Level 12.5 Shields
 - Level 8.6 Evocations


You had 15 spell levels left.
You didn't know any spells.
Your spell library was empty.

Dungeon Overview and Level Annotations

Branches:
Dungeon (15/15)            Temple (0/1) D:6            Lair (5/5) D:8
  Swamp (1/4) Lair:2        Snake (0/4) Lair:3        Slime (0/5) Lair:4
    Orc (2/2) D:12            Elf (0/3) Orc:2        Vaults (0/5) D:14
 Depths (0/4) D:15          Sewer (visited)          Bailey (visited)
Gauntlet (visited)

Altars:
Cheibriados
Fedhas
Gozag
Hepliaklqana
Makhleb
Sif Muna
Yredelemnul
The Shining One
Jiyva

Shops:
D:5 !*   D:14 *   Orc:2 *!*!


Innate Abilities, Weirdness & Mutations

You have a pair of horns on your head.
You reflexively headbutt those who attack you in melee.
You sometimes lose your temper in combat.
Your magical capacity is low. (-10% MP)
You occasionally shout uncontrollably at your foes.


Message History

Your intelligence has recovered.
You feel yourself speed up.
The spriggan berserker hits you with a +0 quarterstaff!!
* * * LOW HITPOINT WARNING * * *
The alligator misses you. You furiously retaliate!
You headbutt the alligator! The alligator barely misses you.
You block the spriggan berserker's attack.
The spriggan rider hits you but does no damage.
You carve the spriggan berserker like a ham!!!
You kill the spriggan berserker!
Trog accepts your kill.
You hear a splash. x2
You closely miss the alligator. The alligator bites you.
* * * LOW HITPOINT WARNING * * *
The alligator tail-slaps you but does no damage.
You chop the alligator into pieces!!!
Lightning courses through the alligator!
You kill the alligator!
Trog accepts your kill. You block the spriggan rider's attack.
You feel your intelligence returning.
The spriggan rider hits you but does no damage.
You slice the spriggan rider!!
Your headbutt misses the spriggan rider.
The spriggan rider is heavily wounded.
You carve the spriggan rider like a ham!!!
You kill the spriggan rider!
Trog accepts your kill.
You kill the hornet!
Trog accepts your kill.
You hear a splash.
You see here a +2 war axe of flaming.
A swamp worm comes into view.
You feel a strong urge to attack something.
You are no longer berserk.
You are exhausted.
You feel yourself slow down.
The swamp worm fires a harpoon shot at you.
The harpoon shot hits you!
You die...

..~~~~~.♣ ..~~.
♣.~~~§..♣♣♣..§
♣.~~.......~♣
.~.....~§).♣ ~.(
.~....†)~~~♣♣~..
.♣.~~.†)[~~....~
♣.~~~.~†....~~~≈
..~~..~~~♣♣.....
~......@.>~.~...
~........†.[....
~..♣~~.<.†[~.~~.
~..w♣.~~†~~~~~~~
~.....~~~§~~~..~
..~...~~~~....♣.
~♣....~~~~.....♣
♣~~~~~~§~~~.♣..(
..~~~.~~~~~~..~~


You could see a swamp worm.

Vanquished Creatures
  Gastronok (D:11)
  Kirke (Swamp:1)
  The ghost of Ucwof the Brawler, a journeyman TrCA of Jiyva (D:15)
  An orc warlord (Orc:2)
  A dire elephant (D:15)
  A minotaur (Gauntlet)
  The ghost of funaii the Fighter, a journeyman MiBe of Trog (D:13)
  6 slime creatures
  Snorg (Lair:3)
  7 hydras
  A catoblepas (Lair:5)
  2 centaur warriors
  A spriggan air mage (Swamp:1)
  Erica (Lair:1)
  2 death knights (D:14)
  2 alligators (Swamp:1)
  17 death yaks
  2 tengu warriors (D:14)
  3 two-headed ogres
  A deep troll shaman (Lair:5)
  3 boulder beetles
  3 orc high priests (Orc:2)
  A shock serpent (shapeshifter) (D:14)
  A spriggan berserker (Swamp:1)
  Urug (Orc:2)
  A fire crab (Gauntlet)
  A death drake (Gauntlet)
  A spectral wolf spider (Gauntlet)
  4 deep elf pyromancers
  Pikel (D:4)
  A bog body (Swamp:1)
  A wizard (D:15)
  An obsidian statue (D:11)
  A lindwurm (Lair:5)
  6 orc knights
  A salamander (shapeshifter) (D:14)
  7 cyclopes
  5 orc sorcerers (Orc:2)
  20 ugly things
  5 manticores
  A salamander (D:15)
  2 spectral centaurs (Gauntlet)
  A rust devil (D:11)
  27 elephants
  6 black mambas
  Joseph (D:7)
  A gargoyle (D:13)
  5 cane toads
  Maggie (D:6)
  2 rime drakes
  8 komodo dragons
  A torpor snail (Lair:5)
  A tengu conjurer (D:14)
  A queen bee (D:14)
  An efreet (D:13)
  3 polar bears (Lair:5)
  2 meliai (D:14)
  8 trolls
  Grinder (D:5)
  2 hornets
  A tarantella (shapeshifter) (D:14)
  11 dream sheep
  18 blink frogs
  5 shadows
  7 spriggans
  24 yaks
  3 wraiths
  4 centaur simulacra (Gauntlet)
  A water elemental (D:15)
  A vampire (D:11)
  4 wyverns
  4 fire bats (Gauntlet)
  5 hogs (Swamp:1)
  2 basilisks
  A human (shapeshifter) (D:13)
  A steam dragon (Lair:2)
  Eustachio (D:5)
  4 neqoxecs (D:15)
  3 vampire mosquitoes (D:12)
  A redback simulacrum (D:15)
  3 wargs
  Edmund (D:6)
  A swamp worm (Swamp:1)
  4 acid dragons
  2 nagas (Lair:3)
  12 water moccasins
  A floating eye (shapeshifter) (D:14)
  19 orc warriors
  A sky beast (D:7)
  A swamp drake (Swamp:1)
  2 ice beasts
  8 black bears
  7 ogres
  A lemure (D:4)
  8 centaurs
  40 wolves
  A phantom (D:4)
  6 kobold brigands
  8 bullfrogs
  12 gnoll sergeants
  An earth elemental (Swamp:1)
  Blork the orc (D:4)
  A necrophage (D:3)
  5 scorpions
  4 wights (D:8)
  14 killer bees
  4 electric eels
  5 howler monkeys
  A lava snake (D:7)
  A wyvern simulacrum (Gauntlet)
  3 quasits (D:15)
  11 gnoll boudas
  6 hounds
  3 jellies
  13 orc priests
  Crazy Yiuf (D:2)
  Jessica (D:2)
  5 iguanas
  19 orc wizards
  Ijyb (D:3)
  Robin (D:3)
  39 gnolls
  13 adders
  4 river rats (Sewer)
  A shadow imp (D:5)
  A white imp (D:5)
  2 dart slugs
  59 orcs
  9 ball pythons
  16 bats
  7 endoplasms
  7 giant cockroaches
  15 goblins
  11 hobgoblins
  6 jackals (Sewer)
  7 quokkas
  6 frilled lizards
  29 kobolds
  A rat (D:3)
  A ball lightning (D:14)
  A bush (D:11)
768 creatures vanquished.

Vanquished Creatures (others)
  The ghost of Dofoba the Fighter, an adept DjHW of Makhleb (D:14)
  A swamp dragon (Swamp:1)
  An ugly thing (D:13)
  4 bloated husks (Swamp:1)
  A human (Swamp:1)
  2 killer bees (D:14)
  2 ball lightnings (D:14)
  35 fungi
  58 plants
105 creatures vanquished.

Grand Total: 873 creatures vanquished

Notes
Turn   | Place    | Note
-------+----------+-------------------------------------------
     0 | D:1      | Absynth the Minotaur Berserker began the quest for the Orb.
     0 | D:1      | Reached XP level 1. HP: 19/19 MP: 0/0
    83 | D:1      | Reached XP level 2. HP: 22/27 MP: 1/1
    84 | D:1      | Reached skill level 4 in Axes
   506 | D:1      | Reached ** piety under Trog
   762 | D:1      | Reached XP level 3. HP: 33/33 MP: 2/2
   917 | D:2      | Noticed Jessica
   924 | D:2      | Killed Jessica
   939 | D:2      | Reached XP level 4. HP: 40/40 MP: 3/3
   996 | D:1      | HP: 1/40 [gnoll/+0 halberd (13)]
  1205 | D:2      | Reached skill level 5 in Axes
  1258 | D:2      | Identified the +0 ring mail of the Sea {Slay+3}
  1321 | D:2      | Identified the +1 chain mail of the Bulwark {rElec Will+}
  1326 | D:2      | Reached XP level 5. HP: 47/47 MP: 4/4
  1448 | D:2      | Found a runed translucent door.
  1449 | D:2      | Noticed Crazy Yiuf
  1455 | D:2      | Killed Crazy Yiuf
  1824 | D:3      | Noticed Ijyb
  1830 | D:3      | Killed Ijyb
  1885 | D:3      | Noticed Robin
  1901 | D:3      | Reached *** piety under Trog
  1905 | D:3      | Reached XP level 6. HP: 46/55 MP: 5/5
  1911 | D:3      | Killed Robin
  1956 | D:3      | Reached skill level 6 in Axes
  2057 | D:3      | Reached skill level 5 in Fighting
  2057 | D:3      | Found a glowing drain.
  2066 | Sewer    | Entered a sewer
  2948 | D:3      | Found a faded altar of an unknown god.
  2983 | D:4      | Noticed Pikel
  3182 | D:4      | Killed Pikel
  3183 | D:4      | Reached skill level 7 in Axes
  3183 | D:4      | Reached skill level 5 in Armour
  3183 | D:4      | Reached XP level 7. HP: 63/63 MP: 6/6
  3282 | D:4      | Noticed Blork the orc
  3288 | D:4      | Killed Blork the orc
  3289 | D:4      | Reached skill level 5 in Dodging
  3289 | D:4      | Reached XP level 8. HP: 70/70 MP: 7/7
  3444 | D:4      | Reached **** piety under Trog
  3477 | D:4      | Reached skill level 8 in Axes
  3513 | D:4      | Found a glowing golden altar of the Shining One.
  4110 | D:5      | Entered Level 5 of the Dungeon
  4299 | D:5      | Found Custi's Overcharged Wands.
  4445 | D:5      | Noticed Eustachio
  4456 | D:5      | Killed Eustachio
  4605 | D:5      | Noticed Grinder
  4610 | D:5      | Killed Grinder
  4611 | D:5      | Reached skill level 9 in Axes
  4719 | D:5      | Found Yfeass's Distillery.
  5098 | D:6      | Found a staircase to the Ecumenical Temple.
  5129 | D:6      | Found a snail-covered altar of Cheibriados.
  5237 | D:6      | Noticed Maggie
  5243 | D:6      | Reached XP level 9. HP: 79/79 MP: 8/8
  5249 | D:6      | Killed Maggie
  5428 | D:6      | Reached skill level 10 in Axes
  5597 | D:6      | Noticed Edmund
  5606 | D:6      | Killed Edmund
  6207 | D:7      | Noticed Joseph
  6214 | D:7      | Killed Joseph
  6215 | D:7      | Reached skill level 11 in Axes
  6536 | D:7      | Reached ***** piety under Trog
  6672 | D:7      | Reached XP level 10. HP: 85/90 MP: 9/9
  7179 | D:7      | Received a gift from Trog
  8316 | D:8      | Reached skill level 12 in Axes
  8325 | D:8      | Reached skill level 1 in Evocations
  8425 | D:8      | Found a staircase to the Lair.
  9535 | D:9      | Found a flagged portal.
  9544 | Bailey   | Entered a bailey
  9785 | Bailey   | Reached skill level 13 in Axes
  9941 | Bailey   | Identified the +1 chain mail of Midnight {rN+ Will++ Regen+
                  | Dex-5}
 10019 | Bailey   | Reached XP level 11. HP: 75/99 MP: 10/10
 10207 | Bailey   | Found the +8 demon blade "Leech" {evervamp, Harm Drain rN+}
 10210 | Bailey   | Identified the +2 hat "Jaroec" {-Tele rPois Str+5 Slay+2}
 10378 | D:9      | Received a gift from Trog
 10732 | D:9      | Identified the +1 robe "Wuliga" {rF+ Stlth+}
 10825 | D:9      | Noticed a two-headed ogre
 10836 | D:9      | Killed a two-headed ogre
 11028 | D:10     | Entered Level 10 of the Dungeon
 11076 | D:10     | Reached skill level 10 in Fighting
 11173 | D:10     | Identified the ring of Urharuol {rC+ Will+}
 11699 | D:10     | Found a basalt altar of Yredelemnul.
 11757 | D:10     | Found a blossoming altar of Fedhas.
 11787 | D:10     | Found a hazy altar of Hepliaklqana.
 11949 | D:11     | Noticed an obsidian statue
 12126 | D:11     | Killed an obsidian statue
 12126 | D:11     | Received a gift from Trog
 12271 | D:11     | Identified the +7 great sword "Giantbane" {flame, rPois}
 12274 | D:11     | Identified the ring "Ikhlais" {Int+5 SInv}
 12349 | D:11     | Reached skill level 14 in Axes
 12349 | D:11     | Reached skill level 10 in Armour
 12571 | D:11     | Noticed a white ugly thing
 12585 | D:11     | Killed a white ugly thing
 12980 | D:11     | Noticed Gastronok
 12994 | D:11     | Killed Gastronok
 13040 | D:11     | Found a burning altar of Makhleb.
 13204 | D:12     | Found a gate leading to a gauntlet.
 13214 | Gauntlet | Entered a Gauntlet
 13214 | Gauntlet | Found a transporter.
 13221 | Gauntlet | Found a transporter.
 13223 | Gauntlet | Found a transporter.
 13237 | Gauntlet | Found a transporter.
 13239 | Gauntlet | Noticed a cyan ugly thing
 13239 | Gauntlet | Noticed a green ugly thing
 13241 | Gauntlet | Found a runed translucent door.
 13241 | Gauntlet | Found a transporter.
 13241 | Gauntlet | Noticed a glowing orange brain
 13243 | Gauntlet | Found a runed translucent door.
 13245 | Gauntlet | Found a transporter.
 13262 | Gauntlet | Noticed a hell beast
 13263 | Gauntlet | Found the +2 cloak of the Thief {*Fog Slay-2 SInv Stlth+}
 13264 | Gauntlet | Found a transporter.
 13272 | Gauntlet | Found a transporter.
 13275 | Gauntlet | Noticed a minotaur
 13276 | Gauntlet | Noticed a death drake
 13279 | Gauntlet | Found a runed translucent door.
 13281 | Gauntlet | Noticed a fire crab
 13282 | Gauntlet | a snapping turtle changed into a sea snake
 13282 | Gauntlet | Noticed a sea snake (glowing shapeshifter)
 13283 | Gauntlet | a fire crab changed into a wind drake
 13283 | Gauntlet | a sea snake changed into a manticore
 13285 | Gauntlet | Found a transporter.
 13287 | Gauntlet | a wind drake changed into a fire crab
 13287 | Gauntlet | Noticed a fire crab (shapeshifter)
 13289 | Gauntlet | a manticore changed into a deep troll
 13289 | Gauntlet | Noticed a deep troll (glowing shapeshifter)
 13301 | Gauntlet | Found a transporter.
 13301 | Gauntlet | Found a transporter.
 13353 | Gauntlet | Found a transporter.
 13353 | Gauntlet | a yaktaur changed into a fire crab
 13353 | Gauntlet | Noticed a fire crab (glowing shapeshifter)
 13356 | Gauntlet | a torpor snail changed into a shining eye
 13356 | Gauntlet | Noticed a shining eye (shapeshifter)
 13359 | Gauntlet | a fire crab changed into a polar bear
 13369 | Gauntlet | Found a transporter.
 13376 | Gauntlet | Noticed a fire crab
 13377 | Gauntlet | a shining eye changed into a manticore
 13384 | Gauntlet | Found a transporter.
 13414 | Gauntlet | Reached XP level 12. HP: 108/108 MP: 11/11
 13495 | Gauntlet | Noticed a fire dragon
 13518 | Gauntlet | Reached skill level 15 in Axes
 13522 | Gauntlet | Reached skill level 10 in Dodging
 13522 | Gauntlet | Reached skill level 5 in Evocations
 13728 | Gauntlet | Identified the +2 pair of boots of Yredelemnul, Usurping
                  | {*Slow Int+3 SInv}
 13753 | Gauntlet | Killed a minotaur
 13865 | D:12     | Noticed a boulder beetle
 13882 | D:12     | Killed a boulder beetle
 14478 | D:12     | Found a staircase to the Orcish Mines.
 14748 | Lair:1   | Entered Level 1 of the Lair of Beasts
 14973 | Lair:1   | Noticed Erica
 14982 | Lair:1   | Killed Erica
 15471 | Lair:2   | Noticed a death yak
 15471 | Lair:2   | Noticed a death yak
 15474 | Lair:2   | Noticed a death yak
 15475 | Lair:2   | Noticed a death yak
 15476 | Lair:2   | Noticed a death yak
 15476 | Lair:2   | Noticed a death yak
 15486 | Lair:1   | Killed a death yak
 15501 | Lair:1   | Killed a death yak
 15502 | Lair:1   | Reached skill level 16 in Axes
 15623 | Lair:1   | Killed a death yak
 15625 | Lair:1   | Killed a death yak
 15629 | Lair:1   | Killed a death yak
 15635 | Lair:1   | Killed a death yak
 15636 | Lair:1   | Reached XP level 13. HP: 90/117 MP: 12/12
 16311 | Lair:2   | Found a staircase to the Swamp.
 17197 | Lair:3   | Reached skill level 17 in Axes
 17296 | Lair:3   | Noticed Snorg
 17314 | Lair:3   | Killed Snorg
 17377 | Lair:3   | Found a staircase to the Snake Pit.
 17844 | Lair:4   | Received a gift from Trog
 17940 | Lair:4   | Reached XP level 14. HP: 62/129 MP: 13/13
 18483 | Lair:4   | Found a viscous altar of Jiyva.
 18483 | Lair:4   | Found a staircase to the Slime Pits.
 18817 | Lair:5   | Entered Level 5 of the Lair of Beasts
 18940 | Lair:5   | Reached skill level 18 in Axes
 19403 | Lair:5   | Reached ****** piety under Trog
 19403 | Lair:5   | Identified the +7 glaive of Vodaisah {flame, rElec} (Trog
                  | gifted it to you on level 5 of the Lair of Beasts)
 19403 | Lair:5   | Received a gift from Trog
 20776 | Orc:1    | Entered Level 1 of the Orcish Mines
 21080 | Orc:2    | Entered Level 2 of the Orcish Mines
 21081 | Orc:2    | Noticed Urug
 21082 | Orc:2    | Found a staircase to the Elven Halls.
 21094 | Orc:2    | Killed Urug
 21403 | Orc:2    | Found Eblagu Reom's Distillery.
 21575 | Orc:1    | Received a gift from Trog
 21590 | Orc:1    | Reached skill level 19 in Axes
 21915 | Orc:2    | Noticed an orc warlord
 21935 | Orc:2    | Killed an orc warlord
 22024 | Orc:2    | Found Nubu's Assorted Antiques.
 22073 | Orc:2    | Reached XP level 15. HP: 64/138 MP: 4/14
 22370 | Orc:2    | Found Juppeoto's Distillery.
 22375 | Orc:2    | Found Nehun De Kae's Jewellery Boutique.
 22375 | Orc:2    | Found Omaes's Assorted Antiques.
 22406 | Orc:2    | Bought a translucent broad axe for 306 gold pieces
 22406 | Orc:2    | Identified the +7 broad axe "Jaenul" {elec, Fly rElec rC++}
                  | (You bought it in a shop on level 2 of the Orcish Mines)
 22406 | Orc:2    | Bought a scroll labelled XOMAIQ OMAVU for 34 gold pieces
 22545 | Orc:2    | Found a shimmering blue altar of Sif Muna.
 22611 | Orc:2    | Acquired the ring of Vovvores {Will++ Str+6}
 22899 | D:13     | Found a transporter.
 22907 | D:13     | Reached skill level 1 in Shields
 23347 | D:13     | Noticed funaii's ghost (journeyman MiBe)
 23351 | D:13     | Found a transporter.
 23683 | D:13     | Killed funaii's ghost
 23901 | D:14     | Reached skill level 5 in Shields
 24056 | D:14     | Found a gate to the Vaults.
 24060 | D:14     | Found an opulent altar of Gozag.
 24061 | D:14     | Found Gozag's Platinum Reserve.
 24115 | D:14     | You are sucked into a shaft and drop 1 floor!
 24115 | D:15     | Entered Level 15 of the Dungeon
 24267 | D:14     | Received a gift from Trog
 24643 | D:14     | Noticed Dofoba's ghost (adept DjHW)
 24666 | D:14     | Found a transporter.
 24670 | D:14     | Found a transporter.
 24689 | D:14     | Killed Dofoba's ghost
 25149 | D:15     | Identified the +4 battleaxe "Minotaur's Peril" {flame,
                  | Int+3 Dex+3 Stlth+}
 25327 | D:15     | Reached skill level 10 in Shields
 25333 | D:15     | Identified the +6 flail "Qyudues" {heavy, *Rage rF+++
                  | Dex+5}
 25587 | D:15     | Noticed Ucwof's ghost (journeyman TrCA)
 25593 | D:15     | Found a transporter.
 25637 | D:15     | Found a transporter.
 25847 | D:15     | Found a staircase to the Depths.
 25936 | D:15     | Gained mutation: You sometimes lose your temper in combat.
                  | [a neqoxec]
 25936 | D:15     | Lost intelligence.
 25937 | D:15     | Gained mutation: Your magical capacity is low. (-10% MP) [a
                  | neqoxec]
 25942 | D:15     | Gained mutation: You occasionally shout uncontrollably at
                  | your foes. [a neqoxec]
 25946 | D:15     | Killed Ucwof's ghost
 26360 | Swamp:1  | Entered Level 1 of the Swamp
 26360 | Swamp:1  | Noticed Kirke
 26366 | Swamp:1  | Reached XP level 16. HP: 146/146 MP: 13/13
 26367 | Swamp:1  | Killed Kirke
 26380 | Swamp:1  | Received a gift from Trog
 26386 | Swamp:1  | HP: 8/219 [spriggan berserker/+0 quarterstaff (19)]
 26395 | Swamp:1  | Killed from afar by a swamp worm

Illustrated notes

Levels and vault maps discovered:
D:1:      erik_arrival_triangle_medium, layout_loops_ring, st_stairs_5
D:2:      layout_rooms, uniq_jessica, uniq_crazy_yiuf_cottage
D:3:      layout_basic, portal_sewer_entry_d,
          dilly_ecumenical_altar_fadedgnrine, minmay_misc_feat_alley, uniq_ijyb,
          uniq_robin
D:4:      layout_layer_cave, tso_oasis_becter, uniq_pikel, uniq_blork_the_orc
D:5:      layout_basic, serial_shops, shop, nicolae_shop_overcharged_wands,
          uniq_eustachio, uniq_grinder
D:6:      layout_loops_cross, cheibriados_altar_1,
          minmay_temple_entry_statues_fountains, minivault_11,
          minmay_quadrilaterals, uniq_edmund, uniq_maggie
D:7:      layout_basic, nicolae_lava_and_water, uniq_joseph
D:8:      layout_basic, due_lair_maze_entry_diamond
D:9:      layout_irregular_city, enter_bailey_2
D:10:     layout_loops_ring, nicolae_overflow_hidden_temple, fedhas_altar_1,
          nicolae_hepliaklqana_hippocampus
D:11:     kennysheep_blocky_hall, layout_basic, kb_lookout_dungeons_type,
          minivault_15, minmay_misc_feat_x, demons_altar, uniq_gastronok
D:12:     layout_roguey, orc_0_dummy, gauntlet_entry_generic
D:13:     layout_irregular_city, gammafunk_ghost_arena, lightli_corner_chamber
D:14:     layout_cave_pools, david_vaults_2, nicolae_gozag_zags_fifth_avenue,
          gammafunk_ghost_hive, minmay_misc_feat_nine_boxes,
          minmay_fractal_squares_gapless_5
D:15:     hangedman_depths_entry_try_elsewhere_first, layout_basic,
          gammafunk_ghost_stat_death
Lair:1:   layout_loops_ring, lemuel_fruit_tree, uniq_erica
Lair:2:   layout_long_grid, swamp_mist, chequers_serial_rivers_small_3,
          dreamdust_gnoll_shepherd, lemuel_fruit_fields
Lair:3:   layout_misc_corridors, guppyfry_snake_entry_island,
          grunt_megastairs_2, uniq_snorg
Lair:4:   layout_misc_corridors, slime_entry_1, wad_woods_01
Lair:5:   grunt_lair_end_beastmaster, layout_big_grid
Swamp:1:  layout_basic_swamp, nicolae_swamp_big_swirl, nzn_swamp_blast_mining,
          uniq_roxanne, uniq_kirke
Orc:1:    layout_caves, basic_altar
Orc:2:    st_orc_elflike, layout_diamond_mine, serial_shops, shop_fountains,
          kennysheep_orc_sif_temple, uniq_urug

Skill      XL: |  1  2  3  4  5  6  7  8  9 10 11 12 13 14 15 16 |
---------------+-------------------------------------------------+-----
Axes           | 4 5 7 9 11 13 14 16 17 19 | 19.3
Fighting       | 4 6 7 8 9 10 11 13 14 | 14.2
Armour         | 3 4 5 6 8 9 10 11 12 13 14 | 14.0
Dodging        | 3 4 5 6 7 8 9 10 11 12 14 | 14.0
Evocations     | 2 4 6 7 8 |  8.6
Shields        | 11 12 | 12.5

Action                     |  1- 3 |  4- 6 |  7- 9 | 10-12 | 13-15 | 16-18 || total
---------------------------+-------+-------+-------+-------+-------+-------++-------
  Melee: Hand axe          |    57 |   130 |   194 |   608 |   531 |       ||  1520
         Headbutt          |     4 |    17 |    34 |   123 |   246 |     3 ||   427
         Punch             |       |       |       |     9 |    15 |       ||    24
         Dire flail        |       |       |       |       |    24 |       ||    24
         War axe           |       |       |       |       |    51 |       ||    51
         Broad axe         |       |       |       |       |   321 |    21 ||   342
         Flail             |       |       |       |       |     9 |       ||     9
 Invoke: Berserk           |       |     2 |       |     6 |     6 |       ||    14
         Trog's Hand       |       |       |       |     2 |     3 |     1 ||     6
  Evoke: Condenser vane    |       |       |       |       |     1 |       ||     1
    Use: Scroll            |       |       |       |    22 |     8 |       ||    30
         Potion            |       |       |       |     4 |     2 |     1 ||     7
   Stab: Petrified         |       |       |       |       |     2 |       ||     2
         Petrifying        |       |       |       |       |     1 |       ||     1
 Armour: Animal skin       |     4 |       |       |       |       |       ||     4
         Ring mail         |     8 |    44 |    37 |     3 |       |       ||    92
         Scale mail        |     3 |     7 |       |       |       |       ||    10
         Plate armour      |       |       |       |   265 |   455 |    12 ||   732
  Dodge: Dodged            |    44 |    78 |   108 |   227 |   368 |     9 ||   834
  Block: Other             |       |       |       |    57 |   129 |       ||   186
         Reflection        |       |       |       |     3 |    13 |     1 ||    17
         Kite shield       |       |       |       |       |   146 |    25 ||   171

Table legend: (Time is in decaauts)
 A = Elapsed time spent in this place.
 B = Non-inter-level travel time spent in this place.
 C = Inter-level travel time spent in this place.
 D = Time resting spent in this place.
 E = Time spent auto-exploring this place.
 F = Levels seen in this place.
 G = Mean time per level.
                   A        B        C        D        E       F      G
               +--------+--------+--------+--------+--------+-----+--------+
         Total |  26364 |  24534 |   1830 |   4615 |  14637 |  26 | 1014.0 |
       Dungeon |  16565 |  15080 |   1485 |   2414 |   9333 |  15 | 1104.3 |
          Lair |   5822 |   5540 |    282 |   1141 |   3544 |   5 | 1164.4 |
         Swamp |     35 |     34 |      1 |      0 |      0 |   1 |   35.0 |
  Orcish Mines |   1822 |   1761 |     61 |    300 |   1058 |   2 |  911.0 |
         Sewer |    702 |    702 |      0 |     58 |    407 |   1 |  702.0 |
        Bailey |    802 |    802 |      0 |    412 |    130 |   1 |  802.0 |
      Gauntlet |    612 |    612 |      0 |    288 |    164 |   1 |  612.0 |
               +--------+--------+--------+--------+--------+-----+--------+

Top non-repeatable levels by time:
     D:7: 2025 daAuts
  Lair:5: 1664 daAuts
    D:14: 1349 daAuts
    D:11: 1346 daAuts
     D:8: 1263 daAuts
     D:1: 1157 daAuts
  Lair:2: 1104 daAuts
     D:6: 1104 daAuts
    D:15: 1096 daAuts
    D:12: 1093 daAuts
   Orc:2: 1043 daAuts
     D:4: 1037 daAuts
  Lair:1: 1034 daAuts
  Lair:4: 1031 daAuts
    D:13: 994 daAuts
